RedWings vs BlackHawks

Created - September-18-13 at 17:09

Simulating a Pre-Season

Goals
1 2 3 T
RedWings 2 1 0 3
BlackHawks 3 2 1 6
Shots
1 2 3 T
RedWings 7 7 1 15
BlackHawks 8 16 12 36

1st period

1. RedWings , Alexandre Burrows 5 (Brian Campbell, Paul Martin) at 0:17
2. BlackHawks , Mark Eaton 1 (Martin Erat, Mika Zibanejad) at 3:36
3. RedWings , Casey Cizikas 1 (Ray Whitney, Paul Martin) at 12:17
4. BlackHawks , Martin Erat 3 (Davis Drewiske, Mark Eaton) at 15:43 (SH)
5. BlackHawks , P.K. Subban 1 (Dan Boyle, Bryan Little) at 18:26 (PP)

Penalties :
Francis Bouillon (CHI) for Hooking (Minor) at 14:04, Brian Campbell (DET) for Elbowing (Minor) at 17:45

2nd period

6. BlackHawks , Dan Boyle 1 (Zach Parise, P.K. Subban) at 12:50
7. BlackHawks , P.K. Subban 2 (Zach Parise) at 16:47 (PP)
8. RedWings , Sergei Kostitsyn 1 (Taylor Beck, Eric Brewer) at 17:34

Penalties :
Alexandre Burrows (DET) for Hooking (Minor) at 0:39, Darren Helm (CHI) for Holding (Minor) at 5:36, Mark Cundari (DET) for Hooking (Minor) at 16:16

3rd period

9. BlackHawks , Mark Eaton 2 (Jack Hillen, Martin Erat) at 9:32

Penalties :
Nate Thompson (DET) for Holding (Minor) at 16:14

Goalie Stats

Thomas Greiss (DET), 17 saves from 19 shots - (0.895), 27:10 minutes
Roberto Luongo (DET), 13 saves from 17 shots - (0.765), L, 3-4-0, 32:50 minutes
Braden Holtby (CHI), 12 saves from 15 shots - (0.800), W, 3-5-0, 60:00 minutes

Players Stats for RedWings

Player Name              G  A  P  +/- PIM S  H  SB GA TA FO     MP     PP MP  PK MP  
------------------------------------------------------------------------------------
Alexandre Burrows        1  0  1   0  2   2  4  0  0  0  0/0    21:18   1:48   1:57 
Andrew Cogliano          0  0  0  -1  0   0  0  0  0  0  1/4    21:48   2:10   2:20 
Brian Campbell           0  1  1   1  2   2  4  1  0  0  0/0    23:21   2:04   2:36 
Cam Janssen              0  0  0   0  0   0  0  0  0  0  0/0     3:50   0:00   0:00 
Casey Cizikas            1  0  1  -1  0   1  7  0  0  0  15/30  19:01   2:10   0:07 
Eric Brewer              0  1  1  -1  0   1  4  1  0  0  0/0    18:53   1:54   2:24 
Eric Gryba               0  0  0  -1  0   0  0  1  0  0  0/0     7:25   0:00   0:00 
Jared Spurgeon           0  0  0  -1  0   0  1  3  0  0  0/0    19:36   1:54   2:34 
Joe Thornton             0  0  0   0  0   3  0  0  0  0  13/23  20:31   1:48   1:15 
Keith Yandle             0  0  0   0  0   0  0  1  0  0  0/0    10:10   0:00   0:00 
Mark Cundari             0  0  0  -1  2   0  3  0  0  0  0/0     7:24   0:00   0:00 
Mark Fraser              0  0  0   0  0   0  2  2  0  0  0/0    10:10   0:00   0:00 
Nate Thompson            0  0  0   0  2   0  1  0  0  0  3/8    23:13   1:48   1:28 
Paul Martin              0  2  2   1  0   1  4  4  0  0  0/0    23:32   2:04   2:46 
Ray Whitney              0  1  1  -1  0   2  0  0  0  0  3/7    22:41   2:10   3:13 
Sergei Kostitsyn         1  0  1   0  0   2  2  1  0  0  1/3    13:08   0:00   0:00 
Taylor Beck              0  1  1   0  0   1  0  0  0  0  1/1    15:27   0:00   0:00 
Tyler Toffoli            0  0  0   0  0   0  1  0  0  0  6/13   13:18   0:00   0:00 

Players Stats for BlackHawks

Player Name              G  A  P  +/- PIM S  H  SB GA TA FO     MP     PP MP  PK MP  
------------------------------------------------------------------------------------
Alexander Killorn        0  0  0   0  0   1  1  0  0  0  0/0     4:49   0:00   0:00 
Antoine Vermette         0  0  0   1  0   2  4  0  0  0  2/2    21:04   2:18   2:37 
Bryan Little             0  1  1   0  0   4  0  0  0  0  1/2    19:48   2:18   1:21 
Dan Boyle                1  1  2   0  0   4  0  3  0  0  0/0    25:23   2:10   2:03 
Darren Helm              0  0  0  -2  2   0  3  0  0  0  9/13   13:21   0:00   0:00 
Davis Drewiske           0  1  1  -1  0   1  0  0  0  0  0/0    18:01   3:00   1:55 
Francis Bouillon         0  0  0  -2  2   0  2  1  0  0  0/0    13:05   0:00   0:00 
Jack Hillen              0  1  1   2  0   0  0  0  0  0  0/0    19:36   3:00   0:00 
Jamie McGinn             0  0  0   0  0   0  0  0  0  0  0/0     4:49   0:00   0:00 
Jay McClement            0  0  0   2  0   5  1  1  0  0  0/3    20:35   2:52   1:11 
Mark Eaton               2  1  3   3  0   2  1  0  0  0  0/0    18:31   0:00   1:55 
Martin Erat              1  2  3   3  0   2  1  0  0  0  4/6    22:01   2:52   2:37 
Mika Zibanejad           0  1  1   2  0   0  3  0  0  0  16/30  19:24   2:52   0:00 
P.K. Subban              2  1  3   0  0   8  1  0  0  0  0/0    25:23   2:10   2:03 
Radko Gudas              0  0  0   0  0   0  0  0  0  0  0/0     0:00   0:00   0:00 
Simon Gagne              0  0  0  -2  0   0  0  0  0  0  0/1    13:32   0:00   0:10 
Tyler Kennedy            0  0  0  -2  0   2  0  0  0  0  0/0    13:22   0:00   0:00 
Zach Parise              0  2  2   0  0   5  1  0  0  0  14/32  23:16   2:18   0:00 

3 Stars

1 - Mark Eaton (CHI)
2 - Martin Erat (CHI)
3 - P.K. Subban (CHI)

Power Play

RedWings - 0 on 2 Attempt(s) - 0.00%
BlackHawks - 2 on 4 Attempt(s) - 50.00%

Penalty Kill

RedWings - 2 on 4 Attempt(s) - 50.00% - Score 0 goal in Penalty Kill
BlackHawks - 2 on 2 Attempt(s) - 100.00% - Score 1 goal in Penalty Kill

Official

Referees : Chris Rooney and Paul Devorski
Linesman : Bryan Pancich and Lonnie Cameron

Game Notes

Thomas Greiss enters game at 12:50 of 2nd period

% Time on Ice - RedWings

Lines # - Real PCT - Wanted PCT - Time Play
Normal Forward
1 - 35% - 40% - 17:34
2 - 34% - 30% - 17:18
3 - 25% - 20% - 12:44
4 - 6% - 10% - 3:16
Normal Defense
1 - 37% - 40% - 18:42
2 - 29% - 30% - 14:35
3 - 20% - 20% - 10:10
4 - 15% - 10% - 7:25
PP Forward
1 - 55% - 60% - 2:10
2 - 45% - 40% - 1:48
PP Defense
1 - 52% - 60% - 2:04
2 - 48% - 40% - 1:54
PK Forward
1 - 87% - 60% - 4:31
2 - 13% - 40% - 0:39
PK Defense
1 - 54% - 60% - 2:46
2 - 46% - 40% - 2:24
PK3 Forward
1 - 0% - 60%
2 - 0% - 40%
PK3 Defense
1 - 0% - 60%
2 - 0% - 40%
44 Forward
1 - 0% - 60%
2 - 0% - 40%
44 Defense
1 - 0% - 60%
2 - 0% - 40%
Last Minute Offensive  - 0:00
Last Minute Defensive  - 0:00
Total
Forward - 60:00
Defense - 60:00

% Time on Ice - BlackHawks

Lines # - Real PCT - Wanted PCT - Time Play
Normal Forward
1 - 32% - 40% - 16:09
2 - 33% - 30% - 16:32
3 - 26% - 20% - 13:22
4 - 9% - 10% - 4:49
Normal Defense
1 - 38% - 40% - 19:21
2 - 33% - 30% - 16:36
3 - 26% - 20% - 13:06
4 - 4% - 10% - 1:49
PP Forward
1 - 45% - 60% - 2:18
2 - 55% - 40% - 2:52
PP Defense
1 - 42% - 60% - 2:10
2 - 58% - 40% - 3:00
PK Forward
1 - 70% - 60% - 2:47
2 - 30% - 40% - 1:11
PK Defense
1 - 52% - 60% - 2:03
2 - 48% - 40% - 1:55
PK3 Forward
1 - 0% - 60%
2 - 0% - 40%
PK3 Defense
1 - 0% - 60%
2 - 0% - 40%
44 Forward
1 - 0% - 60%
2 - 0% - 40%
44 Defense
1 - 0% - 60%
2 - 0% - 40%
Last Minute Offensive  - 0:00
Last Minute Defensive  - 0:00
Total
Forward - 60:00
Defense - 60:00

Play by Play

1st period


0:01 of 1st period - Joe Thornton wins face-off versus Zach Parise in neutral zone.
0:17 of 1st period - Shot by Alexandre Burrows.
0:17 of 1st period - Goal by Alexandre Burrows - RedWings : 1 - BlackHawks : 0.
0:18 of 1st period - Casey Cizikas wins face-off versus Mika Zibanejad in neutral zone.
0:26 of 1st period - Icing by Jack Hillen.
0:27 of 1st period - Taylor Beck wins face-off versus Mika Zibanejad in BlackHawks zone.
0:36 of 1st period - Shot by Sergei Kostitsyn.
0:36 of 1st period - Stopped by Braden Holtby without a rebound.
0:37 of 1st period - Nate Thompson wins face-off versus Simon Gagne in BlackHawks zone.
1:35 of 1st period - Off-side.
1:36 of 1st period - Mika Zibanejad wins face-off versus Casey Cizikas in neutral zone.
1:38 of 1st period - Martin Erat is hit by Brian Campbell and loses puck.
2:10 of 1st period - Icing by Brian Campbell.
2:11 of 1st period - Casey Cizikas wins face-off versus Zach Parise in RedWings zone.
2:56 of 1st period - Off-side.
2:57 of 1st period - Tyler Toffoli wins face-off versus Mika Zibanejad in neutral zone.
3:03 of 1st period - Icing by Jack Hillen.
3:04 of 1st period - Tyler Toffoli wins face-off versus Mika Zibanejad in BlackHawks zone.
3:13 of 1st period - Mark Eaton is hit by Eric Brewer and loses puck.
3:27 of 1st period - Martin Erat is hit by Eric Brewer and loses puck.
3:32 of 1st period - Shot by Mika Zibanejad.
3:32 of 1st period - Shot Blocked by Jared Spurgeon.
3:34 of 1st period - Shot by Martin Erat.
3:34 of 1st period - Shot Blocked by Sergei Kostitsyn.
3:36 of 1st period - Shot by Mark Eaton.
3:36 of 1st period - Goal by Mark Eaton - RedWings : 1 - BlackHawks : 1.
3:37 of 1st period - Joe Thornton wins face-off versus Zach Parise in neutral zone.
4:46 of 1st period - Tyler Kennedy is hit by Casey Cizikas and loses puck.
5:35 of 1st period - Shot by Sergei Kostitsyn.
5:35 of 1st period - Shot Misses the Net.
6:45 of 1st period - Shot by Zach Parise.
6:45 of 1st period - Shot Misses the Net.
7:41 of 1st period - Shot by Brian Campbell.
7:41 of 1st period - Stopped by Braden Holtby without a rebound.
7:42 of 1st period - Mika Zibanejad wins face-off versus Casey Cizikas in BlackHawks zone.
8:14 of 1st period - Mark Fraser is hit by Mark Eaton and loses puck.
8:23 of 1st period - Mark Fraser is hit by Mika Zibanejad and loses puck.
8:39 of 1st period - Icing by Antoine Vermette.
8:40 of 1st period - Joe Thornton wins face-off versus Zach Parise in BlackHawks zone.
9:04 of 1st period - Icing by Dan Boyle.
9:05 of 1st period - Joe Thornton wins face-off versus Zach Parise in BlackHawks zone.
9:25 of 1st period - Shot by Alexandre Burrows.
9:25 of 1st period - Stopped by Braden Holtby without a rebound.
9:26 of 1st period - Casey Cizikas wins face-off versus Mika Zibanejad in BlackHawks zone.
9:54 of 1st period - Martin Erat is hit by Paul Martin and loses puck.
10:05 of 1st period - Jay McClement is hit by Casey Cizikas and loses puck.
10:13 of 1st period - Icing by Jack Hillen.
10:14 of 1st period - Mika Zibanejad wins face-off versus Joe Thornton in BlackHawks zone.
10:14 of 1st period - Mika Zibanejad is hit by Alexandre Burrows.
11:02 of 1st period - Bryan Little is hit by Alexandre Burrows and loses puck.
11:19 of 1st period - Keith Yandle is hit by Antoine Vermette and loses puck.
12:07 of 1st period - Shot by Andrew Cogliano.
12:07 of 1st period - Shot Blocked by Francis Bouillon.
12:09 of 1st period - Shot by Casey Cizikas.
12:09 of 1st period - Shot Misses the Net.
12:11 of 1st period - Shot by Paul Martin.
12:11 of 1st period - Deflect By Ray Whitney.
12:11 of 1st period - Shot Misses the Net.
12:13 of 1st period - Shot by Casey Cizikas.
12:13 of 1st period - Shot Misses the Net.
12:15 of 1st period - Shot by Casey Cizikas.
12:15 of 1st period - Shot Misses the Net.
12:17 of 1st period - Shot by Casey Cizikas.
12:17 of 1st period - Goal by Casey Cizikas - RedWings : 2 - BlackHawks : 1.
12:18 of 1st period - Zach Parise wins face-off versus Casey Cizikas in neutral zone.
12:23 of 1st period - Shot by Zach Parise.
12:23 of 1st period - Shot Misses the Net.
12:33 of 1st period - Shot by Alexander Killorn.
12:33 of 1st period - Stopped by Roberto Luongo without a rebound.
12:34 of 1st period - Darren Helm wins face-off versus Joe Thornton in RedWings zone.
12:34 of 1st period - Darren Helm is hit by Brian Campbell.
12:39 of 1st period - Simon Gagne is hit by Brian Campbell and loses puck.
12:44 of 1st period - Shot by Darren Helm.
12:44 of 1st period - Shot Hit the Post.
12:46 of 1st period - Shot by Simon Gagne.
12:46 of 1st period - Shot Hit the Post.
12:48 of 1st period - Shot by Tyler Kennedy.
12:48 of 1st period - Deflect By Darren Helm.
12:48 of 1st period - Shot Hit the Post.
12:50 of 1st period - Shot by Simon Gagne.
12:50 of 1st period - Shot Misses the Net.
13:03 of 1st period - Icing by Brian Campbell.
13:04 of 1st period - Joe Thornton wins face-off versus Mika Zibanejad in RedWings zone.
13:17 of 1st period - Shot by Jay McClement.
13:17 of 1st period - Stopped by Roberto Luongo without a rebound.
13:18 of 1st period - Casey Cizikas wins face-off versus Zach Parise in RedWings zone.
13:34 of 1st period - Shot by Ray Whitney.
13:34 of 1st period - Shot Blocked by Dan Boyle.
13:36 of 1st period - Shot by Jared Spurgeon.
13:36 of 1st period - Shot Blocked by Dan Boyle.
13:38 of 1st period - Shot by Casey Cizikas.
13:38 of 1st period - Deflect By Ray Whitney.
13:38 of 1st period - Stopped by Braden Holtby without a rebound.
13:39 of 1st period - Darren Helm wins face-off versus Tyler Toffoli in BlackHawks zone.
13:39 of 1st period - Darren Helm is hit by Sergei Kostitsyn.
13:46 of 1st period - Davis Drewiske is hit by Paul Martin and loses puck.
14:04 of 1st period - Minor Penalty to Francis Bouillon for Hooking.
14:05 of 1st period - Martin Erat wins face-off versus Casey Cizikas in BlackHawks zone.
14:26 of 1st period - Shot by Jared Spurgeon.
14:26 of 1st period - Shot Blocked by Dan Boyle.
15:18 of 1st period - Shot by Brian Campbell.
15:18 of 1st period - Shot Misses the Net.
15:35 of 1st period - Shot by Brian Campbell.
15:35 of 1st period - Shot Misses the Net.
15:43 of 1st period - Shot by Martin Erat.
15:43 of 1st period - Goal by Martin Erat - RedWings : 2 - BlackHawks : 2.
15:44 of 1st period - Andrew Cogliano wins face-off versus Jay McClement in neutral zone.
15:53 of 1st period - Shot by Eric Brewer.
15:53 of 1st period - Stopped by Braden Holtby without a rebound.
15:54 of 1st period - Casey Cizikas wins face-off versus Jay McClement in BlackHawks zone.
15:57 of 1st period - Shot by Casey Cizikas.
15:57 of 1st period - Shot Misses the Net.
16:26 of 1st period - Icing by Jack Hillen.
16:27 of 1st period - Joe Thornton wins face-off versus Zach Parise in BlackHawks zone.
16:31 of 1st period - Icing by Mark Eaton.
16:32 of 1st period - Zach Parise wins face-off versus Joe Thornton in BlackHawks zone.
16:39 of 1st period - Shot by Zach Parise.
16:39 of 1st period - Shot Misses the Net.
16:45 of 1st period - Shot by Zach Parise.
16:45 of 1st period - Shot Blocked by Paul Martin.
16:47 of 1st period - Shot by Zach Parise.
16:47 of 1st period - Shot Misses the Net.
16:49 of 1st period - Shot by Mark Eaton.
16:49 of 1st period - Shot Misses the Net.
17:08 of 1st period - Icing by Paul Martin.
17:09 of 1st period - Mika Zibanejad wins face-off versus Joe Thornton in RedWings zone.
17:09 of 1st period - Martin Erat is hit by Brian Campbell and loses puck.
17:22 of 1st period - Shot by Mika Zibanejad.
17:22 of 1st period - Shot Blocked by Brian Campbell.
17:24 of 1st period - Shot by P.K. Subban.
17:24 of 1st period - Shot Blocked by Paul Martin.
17:26 of 1st period - Shot by Jay McClement.
17:26 of 1st period - Shot Misses the Net.
17:37 of 1st period - Jay McClement is hit by Paul Martin and loses puck.
17:45 of 1st period - Minor Penalty to Brian Campbell for Elbowing.
17:46 of 1st period - Zach Parise wins face-off versus Ray Whitney in RedWings zone.
17:46 of 1st period - Zach Parise is hit by Jared Spurgeon.
18:02 of 1st period - Shot by Zach Parise.
18:02 of 1st period - Stopped by Roberto Luongo without a rebound.
18:03 of 1st period - Zach Parise wins face-off versus Nate Thompson in RedWings zone.
18:22 of 1st period - Shot by P.K. Subban.
18:22 of 1st period - Stopped by Roberto Luongo with a rebound.
18:24 of 1st period - Shot by Dan Boyle.
18:24 of 1st period - Stopped by Roberto Luongo with a rebound.
18:26 of 1st period - Shot by P.K. Subban.
18:26 of 1st period - Goal by P.K. Subban - RedWings : 2 - BlackHawks : 3.
18:27 of 1st period - Mika Zibanejad wins face-off versus Casey Cizikas in neutral zone.
18:32 of 1st period - Icing by Andrew Cogliano.
18:33 of 1st period - Mika Zibanejad wins face-off versus Casey Cizikas in RedWings zone.
19:05 of 1st period - Francis Bouillon is hit by Casey Cizikas and loses puck.
19:41 of 1st period - Icing by Dan Boyle.
19:42 of 1st period - Joe Thornton wins face-off versus Zach Parise in BlackHawks zone.

2nd period


0:01 of 2nd period - Zach Parise wins face-off versus Joe Thornton in neutral zone.
0:01 of 2nd period - Zach Parise is hit by Alexandre Burrows.
0:04 of 2nd period - P.K. Subban is hit by Eric Brewer and loses puck.
0:39 of 2nd period - Minor Penalty to Alexandre Burrows for Hooking.
0:40 of 2nd period - Mika Zibanejad wins face-off versus Nate Thompson in RedWings zone.
0:55 of 2nd period - Shot by Martin Erat.
0:55 of 2nd period - Stopped by Roberto Luongo without a rebound.
0:56 of 2nd period - Mika Zibanejad wins face-off versus Nate Thompson in RedWings zone.
0:56 of 2nd period - Mika Zibanejad is hit by Paul Martin.
1:08 of 2nd period - Shot by P.K. Subban.
1:08 of 2nd period - Stopped by Roberto Luongo without a rebound.
1:09 of 2nd period - Antoine Vermette wins face-off versus Andrew Cogliano in RedWings zone.
1:16 of 2nd period - Shot by Davis Drewiske.
1:16 of 2nd period - Shot Blocked by Jared Spurgeon.
1:18 of 2nd period - Shot by Bryan Little.
1:18 of 2nd period - Deflect By Zach Parise.
1:18 of 2nd period - Shot Misses the Net.
1:20 of 2nd period - Shot by Antoine Vermette.
1:20 of 2nd period - Stopped by Roberto Luongo without a rebound.
1:21 of 2nd period - Nate Thompson wins face-off versus Mika Zibanejad in RedWings zone.
1:36 of 2nd period - Icing by Martin Erat.
1:37 of 2nd period - Mika Zibanejad wins face-off versus Nate Thompson in BlackHawks zone.
1:53 of 2nd period - Shot by P.K. Subban.
1:53 of 2nd period - Shot Misses the Net.
2:01 of 2nd period - Shot by Mika Zibanejad.
2:01 of 2nd period - Deflect By Jay McClement.
2:01 of 2nd period - Shot Blocked by Eric Brewer.
2:03 of 2nd period - Shot by Jay McClement.
2:03 of 2nd period - Stopped by Roberto Luongo without a rebound.
2:04 of 2nd period - Nate Thompson wins face-off versus Zach Parise in RedWings zone.
2:42 of 2nd period - Icing by Simon Gagne.
2:43 of 2nd period - Darren Helm wins face-off versus Tyler Toffoli in BlackHawks zone.
2:48 of 2nd period - Darren Helm is hit by Tyler Toffoli and loses puck.
3:57 of 2nd period - Shot by Bryan Little.
3:57 of 2nd period - Stopped by Roberto Luongo with a rebound.
4:32 of 2nd period - Icing by Davis Drewiske.
4:33 of 2nd period - Mika Zibanejad wins face-off versus Joe Thornton in BlackHawks zone.
4:52 of 2nd period - Shot by Joe Thornton.
4:52 of 2nd period - Stopped by Braden Holtby without a rebound.
4:53 of 2nd period - Darren Helm wins face-off versus Andrew Cogliano in BlackHawks zone.
4:53 of 2nd period - Dan Boyle is hit by Casey Cizikas and loses puck.
4:57 of 2nd period - Icing by Dan Boyle.
4:58 of 2nd period - Darren Helm wins face-off versus Joe Thornton in BlackHawks zone.
5:22 of 2nd period - Shot by Darren Helm.
5:22 of 2nd period - Shot Misses the Net.
5:30 of 2nd period - Nate Thompson is hit by Darren Helm and loses puck.
5:36 of 2nd period - Minor Penalty to Darren Helm for Holding.
5:37 of 2nd period - Martin Erat wins face-off versus Casey Cizikas in BlackHawks zone.
5:52 of 2nd period - Shot by Ray Whitney.
5:52 of 2nd period - Stopped by Braden Holtby without a rebound.
5:53 of 2nd period - Casey Cizikas wins face-off versus Martin Erat in BlackHawks zone.
6:41 of 2nd period - Shot by Paul Martin.
6:41 of 2nd period - Shot Blocked by Jay McClement.
6:43 of 2nd period - Shot by Brian Campbell.
6:43 of 2nd period - Shot Misses the Net.
6:53 of 2nd period - Shot by Paul Martin.
6:53 of 2nd period - Stopped by Braden Holtby without a rebound.
6:54 of 2nd period - Joe Thornton wins face-off versus Martin Erat in BlackHawks zone.
7:03 of 2nd period - Shot by Brian Campbell.
7:03 of 2nd period - Shot Misses the Net.
7:10 of 2nd period - Icing by Brian Campbell.
7:11 of 2nd period - Joe Thornton wins face-off versus Jay McClement in RedWings zone.
7:28 of 2nd period - Shot by Brian Campbell.
7:28 of 2nd period - Stopped by Braden Holtby without a rebound.
7:29 of 2nd period - Martin Erat wins face-off versus Casey Cizikas in BlackHawks zone.
7:38 of 2nd period - Zach Parise is hit by Sergei Kostitsyn and loses puck.
7:44 of 2nd period - Icing by Mark Eaton.
7:45 of 2nd period - Zach Parise wins face-off versus Casey Cizikas in BlackHawks zone.
7:52 of 2nd period - Off-side.
7:53 of 2nd period - Casey Cizikas wins face-off versus Zach Parise in neutral zone.
7:53 of 2nd period - Casey Cizikas is hit by Antoine Vermette.
8:26 of 2nd period - Icing by Andrew Cogliano.
8:27 of 2nd period - Ray Whitney wins face-off versus Mika Zibanejad in RedWings zone.
9:34 of 2nd period - Shot by Joe Thornton.
9:34 of 2nd period - Stopped by Braden Holtby with a rebound.
9:40 of 2nd period - Shot by Zach Parise.
9:40 of 2nd period - Shot Blocked by Paul Martin.
9:42 of 2nd period - Shot by Bryan Little.
9:42 of 2nd period - Stopped by Roberto Luongo with a rebound.
9:44 of 2nd period - Shot by Zach Parise.
9:44 of 2nd period - Stopped by Roberto Luongo without a rebound.
9:45 of 2nd period - Darren Helm wins face-off versus Tyler Toffoli in RedWings zone.
9:45 of 2nd period - Darren Helm is hit by Mark Fraser.
10:18 of 2nd period - Keith Yandle is hit by Francis Bouillon and loses puck.
11:20 of 2nd period - Off-side.
11:21 of 2nd period - Casey Cizikas wins face-off versus Mika Zibanejad in neutral zone.
11:21 of 2nd period - Eric Brewer is hit by Jay McClement and loses puck.
11:31 of 2nd period - Icing by Eric Brewer.
11:32 of 2nd period - Mika Zibanejad wins face-off versus Casey Cizikas in RedWings zone.
11:51 of 2nd period - Shot by Mika Zibanejad.
11:51 of 2nd period - Shot Misses the Net.
12:01 of 2nd period - Shot by Martin Erat.
12:01 of 2nd period - Shot Misses the Net.
12:05 of 2nd period - Shot by Mika Zibanejad.
12:05 of 2nd period - Shot Blocked by Jared Spurgeon.
12:07 of 2nd period - Shot by Jay McClement.
12:07 of 2nd period - Stopped by Roberto Luongo with a rebound.
12:29 of 2nd period - Bryan Little is hit by Eric Brewer and loses puck.
12:50 of 2nd period - Shot by Dan Boyle.
12:50 of 2nd period - Goal by Dan Boyle - RedWings : 2 - BlackHawks : 4.
12:50 of 2nd period - Thomas Greiss enters game.
12:51 of 2nd period - Joe Thornton wins face-off versus Darren Helm in neutral zone.
12:54 of 2nd period - Shot by Brian Campbell.
12:54 of 2nd period - Shot Misses the Net.
13:41 of 2nd period - Paul Martin is hit by Alexander Killorn and loses puck.
14:24 of 2nd period - Icing by Paul Martin.
14:25 of 2nd period - Mika Zibanejad wins face-off versus Joe Thornton in RedWings zone.
14:30 of 2nd period - Shot by Martin Erat.
14:30 of 2nd period - Shot Misses the Net.
14:44 of 2nd period - Shot by Mika Zibanejad.
14:44 of 2nd period - Shot Hit the Post.
15:13 of 2nd period - Mika Zibanejad is hit by Nate Thompson and loses puck.
15:42 of 2nd period - Shot by Tyler Kennedy.
15:42 of 2nd period - Stopped by Thomas Greiss without a rebound.
15:43 of 2nd period - Casey Cizikas wins face-off versus Zach Parise in RedWings zone.
16:02 of 2nd period - Andrew Cogliano is hit by Antoine Vermette and loses puck.
16:16 of 2nd period - Minor Penalty to Mark Cundari for Hooking.
16:17 of 2nd period - Casey Cizikas wins face-off versus Mika Zibanejad in RedWings zone.
16:17 of 2nd period - Casey Cizikas is hit by Martin Erat.
16:45 of 2nd period - Shot by Jay McClement.
16:45 of 2nd period - Stopped by Thomas Greiss without a rebound.
16:46 of 2nd period - Zach Parise wins face-off versus Casey Cizikas in RedWings zone.
16:47 of 2nd period - Shot by P.K. Subban.
16:47 of 2nd period - Goal by P.K. Subban - RedWings : 2 - BlackHawks : 5.
16:48 of 2nd period - Antoine Vermette wins face-off versus Sergei Kostitsyn in neutral zone.
16:59 of 2nd period - Shot by Bryan Little.
16:59 of 2nd period - Stopped by Thomas Greiss with a rebound.
17:01 of 2nd period - Shot by Dan Boyle.
17:01 of 2nd period - Stopped by Thomas Greiss without a rebound.
17:02 of 2nd period - Tyler Toffoli wins face-off versus Darren Helm in RedWings zone.
17:10 of 2nd period - Taylor Beck is hit by Francis Bouillon and loses puck.
17:30 of 2nd period - Shot by Taylor Beck.
17:30 of 2nd period - Stopped by Braden Holtby with a rebound.
17:32 of 2nd period - Shot by Taylor Beck.
17:32 of 2nd period - Shot Misses the Net.
17:34 of 2nd period - Shot by Sergei Kostitsyn.
17:34 of 2nd period - Goal by Sergei Kostitsyn - RedWings : 3 - BlackHawks : 5.
17:35 of 2nd period - Casey Cizikas wins face-off versus Zach Parise in neutral zone.
18:10 of 2nd period - Shot by Bryan Little.
18:10 of 2nd period - Shot Blocked by Keith Yandle.
18:12 of 2nd period - Shot by P.K. Subban.
18:12 of 2nd period - Stopped by Thomas Greiss without a rebound.
18:13 of 2nd period - Mika Zibanejad wins face-off versus Joe Thornton in RedWings zone.
18:51 of 2nd period - Icing by Mika Zibanejad.
18:52 of 2nd period - Tyler Toffoli wins face-off versus Mika Zibanejad in BlackHawks zone.
19:11 of 2nd period - Shot by Sergei Kostitsyn.
19:11 of 2nd period - Shot Misses the Net.
19:35 of 2nd period - Icing by Jared Spurgeon.
19:36 of 2nd period - Zach Parise wins face-off versus Tyler Toffoli in RedWings zone.
19:37 of 2nd period - Shot by Bryan Little.
19:37 of 2nd period - Stopped by Thomas Greiss without a rebound.
19:38 of 2nd period - Joe Thornton wins face-off versus Zach Parise in RedWings zone.

3rd period


0:01 of 3rd period - Joe Thornton wins face-off versus Zach Parise in neutral zone.
0:33 of 3rd period - Icing by Antoine Vermette.
0:34 of 3rd period - Bryan Little wins face-off versus Casey Cizikas in BlackHawks zone.
0:34 of 3rd period - Bryan Little is hit by Casey Cizikas.
0:48 of 3rd period - Zach Parise is hit by Casey Cizikas and loses puck.
0:54 of 3rd period - P.K. Subban is hit by Mark Cundari and loses puck.
1:02 of 3rd period - Icing by Eric Gryba.
1:03 of 3rd period - Casey Cizikas wins face-off versus Mika Zibanejad in RedWings zone.
1:14 of 3rd period - Eric Gryba is hit by Mika Zibanejad and loses puck.
2:46 of 3rd period - Icing by Eric Gryba.
2:47 of 3rd period - Casey Cizikas wins face-off versus Zach Parise in RedWings zone.
2:47 of 3rd period - Casey Cizikas is hit by Antoine Vermette.
3:19 of 3rd period - Mark Cundari is hit by P.K. Subban and loses puck.
4:02 of 3rd period - Shot by Jay McClement.
4:02 of 3rd period - Shot Blocked by Paul Martin.
4:19 of 3rd period - Mika Zibanejad is hit by Alexandre Burrows.
6:19 of 3rd period - Icing by Mark Eaton.
6:20 of 3rd period - Mika Zibanejad wins face-off versus Tyler Toffoli in BlackHawks zone.
7:45 of 3rd period - Shot by Ray Whitney.
7:45 of 3rd period - Shot Misses the Net.
8:12 of 3rd period - Icing by Alexandre Burrows.
8:13 of 3rd period - Sergei Kostitsyn wins face-off versus Zach Parise in RedWings zone.
8:13 of 3rd period - Sergei Kostitsyn is hit by Zach Parise.
8:26 of 3rd period - Off-side.
8:27 of 3rd period - Zach Parise wins face-off versus Casey Cizikas in neutral zone.
8:37 of 3rd period - Zach Parise is hit by Mark Cundari and loses puck.
9:30 of 3rd period - Shot by Jack Hillen.
9:30 of 3rd period - Shot Blocked by Eric Gryba.
9:32 of 3rd period - Shot by Mark Eaton.
9:32 of 3rd period - Goal by Mark Eaton - RedWings : 3 - BlackHawks : 6.
9:33 of 3rd period - Joe Thornton wins face-off versus Darren Helm in neutral zone.
9:58 of 3rd period - Icing by Tyler Kennedy.
9:59 of 3rd period - Tyler Toffoli wins face-off versus Darren Helm in BlackHawks zone.
10:03 of 3rd period - Icing by Francis Bouillon.
10:04 of 3rd period - Darren Helm wins face-off versus Sergei Kostitsyn in BlackHawks zone.
10:34 of 3rd period - Tyler Toffoli is hit by Darren Helm.
12:50 of 3rd period - Shot by Tyler Kennedy.
12:50 of 3rd period - Stopped by Thomas Greiss without a rebound.
12:51 of 3rd period - Zach Parise wins face-off versus Tyler Toffoli in RedWings zone.
13:04 of 3rd period - Shot by Zach Parise.
13:04 of 3rd period - Stopped by Thomas Greiss without a rebound.
13:05 of 3rd period - Tyler Toffoli wins face-off versus Zach Parise in RedWings zone.
13:29 of 3rd period - Icing by Mark Cundari.
13:30 of 3rd period - Darren Helm wins face-off versus Tyler Toffoli in RedWings zone.
13:30 of 3rd period - Tyler Kennedy is hit by Mark Cundari.
13:35 of 3rd period - Eric Gryba is hit by Darren Helm and loses puck.
14:35 of 3rd period - Shot by Alexandre Burrows.
14:35 of 3rd period - Shot Misses the Net.
14:39 of 3rd period - Shot by Joe Thornton.
14:39 of 3rd period - Deflect By Alexandre Burrows.
14:39 of 3rd period - Shot Misses the Net.
14:41 of 3rd period - Shot by Joe Thornton.
14:41 of 3rd period - Stopped by Braden Holtby without a rebound.
14:42 of 3rd period - Martin Erat wins face-off versus Casey Cizikas in BlackHawks zone.
14:47 of 3rd period - Eric Brewer is hit by Mika Zibanejad.
15:19 of 3rd period - Icing by Jared Spurgeon.
15:20 of 3rd period - Casey Cizikas wins face-off versus Bryan Little in RedWings zone.
15:22 of 3rd period - Icing by Ray Whitney.
15:23 of 3rd period - Zach Parise wins face-off versus Casey Cizikas in RedWings zone.
15:26 of 3rd period - Shot by Bryan Little.
15:26 of 3rd period - Shot Misses the Net.
15:29 of 3rd period - Icing by Jared Spurgeon.
15:30 of 3rd period - Zach Parise wins face-off versus Andrew Cogliano in RedWings zone.
15:54 of 3rd period - Icing by Eric Brewer.
15:55 of 3rd period - Casey Cizikas wins face-off versus Mika Zibanejad in RedWings zone.
16:00 of 3rd period - Jay McClement is hit by Casey Cizikas and loses puck.
16:14 of 3rd period - Minor Penalty to Nate Thompson for Holding.
16:15 of 3rd period - Zach Parise wins face-off versus Joe Thornton in RedWings zone.
16:26 of 3rd period - Shot by Zach Parise.
16:26 of 3rd period - Stopped by Thomas Greiss with a rebound.
16:38 of 3rd period - Shot by Zach Parise.
16:38 of 3rd period - Stopped by Thomas Greiss with a rebound.
16:40 of 3rd period - Shot by P.K. Subban.
16:40 of 3rd period - Stopped by Thomas Greiss with a rebound.
16:46 of 3rd period - Shot by P.K. Subban.
16:46 of 3rd period - Stopped by Thomas Greiss without a rebound.
16:47 of 3rd period - Mika Zibanejad wins face-off versus Ray Whitney in RedWings zone.
16:52 of 3rd period - Shot by Davis Drewiske.
16:52 of 3rd period - Stopped by Thomas Greiss without a rebound.
16:53 of 3rd period - Mika Zibanejad wins face-off versus Ray Whitney in RedWings zone.
16:56 of 3rd period - Shot by Davis Drewiske.
16:56 of 3rd period - Shot Misses the Net.
16:58 of 3rd period - Shot by Jack Hillen.
16:58 of 3rd period - Deflect By Jay McClement.
16:58 of 3rd period - Stopped by Thomas Greiss without a rebound.
16:59 of 3rd period - Zach Parise wins face-off versus Ray Whitney in RedWings zone.
17:12 of 3rd period - Shot by P.K. Subban.
17:12 of 3rd period - Stopped by Thomas Greiss with a rebound.
17:14 of 3rd period - Shot by Dan Boyle.
17:14 of 3rd period - Stopped by Thomas Greiss without a rebound.
17:15 of 3rd period - Ray Whitney wins face-off versus Mika Zibanejad in RedWings zone.
17:28 of 3rd period - Shot by Davis Drewiske.
17:28 of 3rd period - Shot Misses the Net.
18:35 of 3rd period - Bryan Little is hit by Mark Fraser and loses puck.
18:41 of 3rd period - Icing by Mark Fraser.
18:42 of 3rd period - Darren Helm wins face-off versus Nate Thompson in RedWings zone.
19:29 of 3rd period - Shot by Zach Parise.
19:29 of 3rd period - Shot Blocked by Mark Fraser.
19:31 of 3rd period - Shot by Antoine Vermette.
19:31 of 3rd period - Deflect By Bryan Little.
19:31 of 3rd period - Shot Misses the Net.
19:33 of 3rd period - Shot by Antoine Vermette.
19:33 of 3rd period - Shot Blocked by Mark Fraser.
19:35 of 3rd period - Shot by Antoine Vermette.
19:35 of 3rd period - Stopped by Thomas Greiss without a rebound.
19:36 of 3rd period - Ray Whitney wins face-off versus Zach Parise in RedWings zone.
19:58 of 3rd period - Shot by Andrew Cogliano.
19:58 of 3rd period - Shot Misses the Net.


Output by the SimonT Hockey Simulator (STHS) for Stephane Roy -- Original Page W3C XHTML 1.0 Valid
Hockey Simulator - Hockey Simulation - Hockey Manager